Map: Acropolis LE

Players

sandboX

  • Race: Zerg Zerg
  • League: Gold
  • Spawn Location: 11:00

A.I. 1 (Hard) - Winner!

  • Race: Protoss Protoss
  • Spawn Location: 5:00

VOD

Have the link to the VOD?

Description

Time

  • Played on: Aug. 21, 2019, 12:32 a.m.
  • Length: 6:11
Show
View Real Time Build Order
Export as new Build Order

sandboX Zerg 

Build Orders: Hatch First 

Get SALT Encoding   

  12  0:03  Drone  
  13  0:24  Overlord  
  13  0:38  Drone  
  13  0:42  Drone x2  
  16  0:59  Hatchery  
  15  1:04  Drone x2  
  15  1:10  Drone  
  18  1:13  Extractor  
  17  1:28  Spawning Pool  
  17  1:29  Drone  
  17  1:32  Drone  
  18  1:42  Drone  
  20  1:57  Overlord  
  20  2:05  Hatchery  
  19  2:09  Drone  
  19  2:11  Extractor  
  19  2:15  Queen  
  21  2:25  Drone  
  22  2:31  Spine Crawler  
  22  2:34  Drone  
  22  2:36  Metabolic Boost  
  22  2:44  Drone  
  22  2:47  Roach Warren  
  22  2:51  Drone  
  23  2:55  Lair  
  23  3:03  Drone  
  24  3:15  Drone  
  24  3:17  Queen  
  27  3:25  Overlord  
  27  3:36  Zergling x8  
  27  3:39  Zergling x2  
  32  3:59  Nydus Network  
  31  4:16  Queen x2  
  35  4:18  Zergling x6  
  38  4:25  Overlord  
  38  4:34  Zergling x4  
  40  4:54  Nydus Canal  
  40  5:15  Nydus Canal  
  40  5:32  Nydus Canal  
Show
View Real Time Build Order
Export as new Build Order

A.I. 1 (Hard) Protoss - Winner!

Build Orders:  

Get SALT Encoding   

  12  0:00  Probe  
  13  0:13  Probe  
  14  0:20  Pylon  
  14  0:25  Probe  
  15  0:34  Probe  
  15  0:42  Probe  
  16  0:47  Assimilator  
  17  0:51  Gateway  
  17  0:52  Probe  
  18  1:00  Pylon, Probe  
  19  1:17  Probe  
  20  1:38  Zealot  
  22  1:41  Gateway  
  22  1:44  Cybernetics Core  
  22  1:47  Assimilator  
  22  1:59  Pylon  
  22  2:08  Zealot  
  22  2:20  Warp Gate  
  24  2:29  Adept  
  26  2:36  Pylon  
  26  2:41  Adept  
  28  2:53  Adept  
  30  3:10  Probe  
  30  3:11  Stalker  
  33  3:19  Pylon, Adept  
  33  3:22  Probe  
  37  3:34  Probe  
  37  3:41  Forge, Adept  
  39  3:46  Probe  
  40  3:49  Adept  
  42  3:58  Probe  
  43  4:07  Probe  
  44  4:18  Adept  
  46  4:30  Stalker  
  48  6:05  Zealot  
  48  6:11  Gateway  
Tags
 
Add a new tag
Caveats
  • Supply blocks, unpowered buildings, or Contaminate may cause inaccurate times.
  • Supply counts are checked every 10 seconds.